 Dungeon Crawl Stone Soup version 0.14-a0-942-gbd853f2 (webtiles) character file.

7456 PolkaDot the Archer (level 10, -2/67 HPs)
             Began as a Vampire Hunter on Nov 19, 2013.
             Was an Elder of Okawaru.
             Slain by a centaur warrior (11 damage)
             ... on Level 10 of the Dungeon on Nov 20, 2013.
             The game lasted 01:01:44 (11236 turns).

PolkaDot the Archer (Vampire Hunter)               Turns: 11236, Time: 01:01:44

HP  -2/67        AC 11     Str 11      XL: 10   Next: 73%
MP  16/16        EV 15     Int 13      God: Okawaru [****..]
Gold 774         SH  0     Dex 17      Spells:  1 memorised,  8 levels left

Res.Fire  : + . .   See Invis. : +   a - +1,+2 bow (velocity)
Res.Cold  : . . .   Warding    : .   R - +3 robe of Clouds {+Fly rElec}
Life Prot.: + + .   Conserve   : .   (no shield)
Res.Poison: .       Res.Corr.  : .   (no helmet)
Res.Elec. : +       Clarity    : .   M - +0 dwarf cloak
Sust.Abil.: . .     Spirit.Shd : .   s - +1 pair of dwarf gauntlets
Res.Mut.  : .       Stasis     : .   q - +1 pair of boots
Res.Rott. : .       Flight     : .   (no amulet)
Saprovore : . . .                    p - ring of positive energy
                                     A - ring of protection from fire

@: very slightly contaminated, hasted, very quick, somewhat resistant to hostile
enchantments, fairly stealthy
A: bottle blood, fangs 3, see invisible, unbreathing
a: Bat Form, Bottle Blood, Heroism, Renounce Religion, Evoke Flight


You were on level 10 of the Dungeon.
You worshipped Okawaru.
Okawaru was greatly pleased with you.
You were not thirsty.

You visited 2 branches of the dungeon, and saw 11 of its levels.
You also visited: Sewer and Ossuary.

You collected 774 gold pieces.

Inventory:

Hand weapons
 a - a +1,+2 bow of velocity (weapon)
 b - a +2,+2 bow of frost
 y - a +2,+3 orcish dagger of holy wrath
 E - a +0,+1 sabre of protection
Missiles
 c - 86 arrows (quivered)
 I - 13 poisoned arrows
 T - 28 arrows of frost
Armour
 e - a +2 orcish leather armour of poison resistance
 q - a +1 pair of boots (worn)
 s - a +1 pair of dwarven gauntlets (worn)
 M - a +0 dwarven cloak (worn)
 R - the +3 robe of Clouds (worn) {+Fly rElec}
   (You found it on level 7 of the Dungeon)

   It insulates you from electricity.
   It lets you fly.
Magical devices
 B - a wand of teleportation (1)
 D - a wand of cold (1) {unknown}
 F - a wand of fire (5) {unknown}
 L - a wand of paralysis (12) {unknown}
Scrolls
 d - 3 scrolls of enchant armour
 h - 7 scrolls of blinking
 i - 3 scrolls of magic mapping
 k - 4 scrolls of fog
 n - 8 scrolls of remove curse
 r - 2 scrolls of amnesia
 u - 2 scrolls of teleportation
 w - a scroll of vulnerability {unknown}
 z - 2 scrolls of noise {unknown}
 G - a scroll of enchant weapon I {unknown}
 H - 5 scrolls of curse jewellery {unknown}
 K - 2 scrolls of random uselessness {unknown}
 N - a scroll of recharging {unknown}
 S - 3 scrolls of immolation {unknown}
Jewellery
 m - an uncursed ring of teleport control
 p - a ring of positive energy (right hand)
 A - a ring of protection from fire (left hand)
 C - an uncursed ring of regeneration
Potions
 g - a potion of restore abilities
 j - a potion of cure mutation {unknown}
 l - 2 potions of brilliance
 t - a potion of paralysis
 x - a potion of berserk rage
 J - a potion of speed
 Q - a potion of resistance
Books
 f - a book of Cantrips

   Spells                             Type                      Level
   Confusing Touch                    Hexes                        1
   Animate Skeleton                   Necromancy                   1
   Summon Small Mammal                Summoning                    1
   *Apportation                       Translocation                1
 o - a book of the Sky

   Spells                             Type                      Level
   Flight                             Charms/Air                   3
   Airstrike                          Air                          4
   Silence                            Hexes/Air                    5
   Deflect Missiles                   Charms/Air                   6
   Conjure Ball Lightning             Conjuration/Air              6
   Tornado                            Air                          9
 O - a book of Ice

   Spells                             Type                      Level
   Freezing Aura                      Charms/Ice                   2
   Ensorcelled Hibernation            Hexes/Ice                    2
   Ozocubu's Refrigeration            Ice                          6
   Bolt of Cold                       Conjuration/Ice              6
   Freezing Cloud                     Conjuration/Ice/Air          6
   Metabolic Englaciation             Hexes/Ice                    6
   Simulacrum                         Ice/Necromancy               6


   Skills:
 - Level 0.8 Fighting
 * Level 11.5 Bows
 - Level 6.3 Armour
 + Level 5.1 Dodging
 - Level 1.5 Stealth
 + Level 3.9 Evocations


You had 8 spell levels left.
You knew the following spells:

 Your Spells              Type           Power        Failure   Level  Hunger
a - Apportation           Tloc           #.........   30%         1    ##.....


Dungeon Overview and Level Annotations

Branches:
Dungeon (10/16)            Temple (1/1) D:6
    Orc: D:6-11        Lair: D:8-13

Altars:
Ashenzari
Cheibriados
Elyvilon
Fedhas
Kikubaaqudgha
Makhleb
Nemelex Xobeh
Okawaru
Sif Muna
Trog
Vehumet
Xom
Yredelemnul
Zin
the Shining One

Annotations:
D:9 Maurice


Innate Abilities, Weirdness & Mutations

You can bottle blood from corpses.
You have razor-sharp teeth.*
You have supernaturally acute eyesight.
You can survive without breathing.*


Message History

The centaur warrior is moderately wounded.
Firing (i - inventory. (,) - cycle):
c - 89 arrows (quivered)
Press: ? - help, Shift-Dir - straight line, f/p - centaur warrior
Aim: a centaur warrior (moderately wounded)
You shoot an arrow. The arrow misses the centaur warrior.
The centaur warrior barely misses you.
Firing (i - inventory. (,) - cycle):
c - 88 arrows (quivered)
Press: ? - help, Shift-Dir - straight line, f/p - centaur warrior
Aim: a centaur warrior (moderately wounded)
You shoot an arrow. The arrow hits the centaur warrior.
The centaur warrior is heavily wounded.
The centaur warrior hits you.
* * * LOW HITPOINT WARNING * * *
Firing (i - inventory. (,) - cycle):
c - 87 arrows (quivered)
Press: ? - help, Shift-Dir - straight line, f/p - centaur warrior
Aim: a centaur warrior (heavily wounded)
You shoot an arrow. The arrow hits the centaur warrior.
The centaur warrior is severely wounded.
The centaur warrior hits you!
You die...

####.# ..
#....####c..
#.....c...
#......#
#...(..#
#...(###
####.#
#c#########.
#§@§§.......
#.#########.
#§# #.# #.#
#.# #.# #≈#
#.#


You could see a centaur warrior.

Vanquished Creatures
  The ghost of wojtek the Cleaver, an experienced MiFi (Ossuary)
  A hill giant (D:10)
  An item mimic (D:7)
  Grinder (D:3)
  2 trolls (D:10)
  A wyvern (D:9)
  Grum (D:8)
  2 wolves (D:8)
  A hill giant skeleton (D:8)
  2 necrophages (D:6)
  A yellow wasp (D:7)
  3 phantoms
  A sky beast (D:9)
  2 ice beasts
  5 centaurs
  A black bear (D:9)
  5 ogres
  Duvessa (D:5)
  2 human zombies (Ossuary)
  6 giant frogs
  A gnoll sergeant (D:10)
  Blork the orc (D:5)
  7 killer bees
  Dowan (D:5)
  A jelly (D:10)
  A crimson imp (D:8)
  A goliath beetle (D:7)
  A giant frog zombie (D:6)
  Crazy Yiuf (D:3)
  2 orc priests (D:4)
  6 orc wizards
  2 scorpions
  A centaur skeleton (D:7)
  4 hounds
  5 worker ants
  A crocodile zombie (D:10)
  Ijyb (D:3)
  A big kobold zombie (Ossuary)
  4 mummies (Ossuary)
  8 gnolls
  A worker ant zombie (D:6)
  18 adders
  3 green rats
  2 giant mites
  A worm (D:8)
  An adder zombie (Ossuary)
  20 grey rats (Sewer)
  An iguana skeleton (D:7)
  A giant eyeball (D:10)
  3 giant geckos
  An ooze (Sewer)
  22 orcs
  7 ball pythons
  15 bats
  A bat skeleton (D:7)
  7 giant cockroaches
  2 gnoll zombies (Ossuary)
  14 hobgoblins
  34 kobolds
  5 quokkas
  A giant gecko zombie (D:6)
  8 giant newts
  A giant spore (D:6)
  7 goblins
  A goblin skeleton (D:5)
  2 goblin zombies (Ossuary)
  A hobgoblin zombie (Ossuary)
  10 jackals
  A jackal zombie (Ossuary)
  2 orc zombies
  19 rats
  2 rat zombies
  2 ballistomycetes (D:6)
306 creatures vanquished.

Vanquished Creatures (others)
  A mummy (D:7)
  A fungus (D:7)
2 creatures vanquished.

Grand Total: 308 creatures vanquished

Notes
Turn   | Place    | Note
--------------------------------------------------------------
     0 | D:1      | PolkaDot, the Vampire Hunter, began the quest for the Orb.
     0 | D:1      | Reached XP level 1. HP: 16/16 MP: 1/1
     0 | D:1      | Noticed a centaur skeleton
     0 | D:1      | Noticed a troll skeleton
     3 | D:1      | Noticed a merfolk skeleton
     6 | D:1      | Noticed a troll skeleton
     8 | D:1      | Noticed a troll skeleton
    12 | D:1      | Noticed a draconian skeleton
    12 | D:1      | Noticed an elf skeleton
    13 | D:1      | Noticed a centaur skeleton
   241 | D:1      | Reached XP level 2. HP: 22/22 MP: 2/2
   798 | D:2      | Reached XP level 3. HP: 27/27 MP: 3/3
   823 | D:2      | Reached skill level 4 in Bows
  1041 | D:2      | Reached skill level 1 in Armour
  1052 | D:2      | Found a blossoming altar of Fedhas.
  1707 | D:2      | Reached XP level 4. HP: 25/33 MP: 4/4
  2124 | D:3      | Noticed Ijyb
  2148 | D:3      | Killed Ijyb
  2437 | D:3      | Noticed Grinder
  2437 | D:3      | Paralysed by Grinder for 4 turns
  2902 | D:3      | Reached XP level 5. HP: 34/38 MP: 5/5
  2917 | D:3      | Paralysed by Grinder for 4 turns
  2926 | D:3      | Paralysed by Grinder for 2 turns
  3144 | D:3      | Paralysed by Grinder for 3 turns
  3154 | D:3      | Paralysed by Grinder for 3 turns
  3159 | D:3      | Killed Grinder
  3159 | D:3      | Reached skill level 5 in Bows
  3159 | D:3      | Reached XP level 6. HP: 25/44 MP: 6/6
  3262 | D:3      | Noticed Crazy Yiuf
  3269 | D:3      | Killed Crazy Yiuf
  3700 | D:3      | Reached skill level 6 in Bows
  4382 | D:4      | Reached XP level 7. HP: 23/49 MP: 7/7
  4408 | D:4      | Found a glowing drain.
  4456 | Sewer    | Entered a sewer
  5448 | D:4      | Found a deep blue altar of Sif Muna.
  5556 | D:4      | Reached skill level 7 in Bows
  5800 | D:4      | Learned a level 1 spell: Apportation
  5905 | D:5      | Entered Level 5 of the Dungeon
  5977 | D:5      | Noticed Blork the orc
  6169 | D:5      | Killed Blork the orc
  6243 | D:5      | Reached XP level 8. HP: 51/55 MP: 8/8
  6415 | D:5      | Noticed Duvessa
  6418 | D:5      | Noticed Dowan
  6427 | D:5      | Killed Duvessa
  6551 | D:5      | Killed Dowan
  6578 | D:5      | Found a glowing silver altar of Zin.
  6595 | D:5      | Noticed an angel
  6655 | D:5      | Reached skill level 8 in Bows
  6743 | D:5      | Identified a +0 rod of inaccuracy (12/12) (You found it on level 5 of the Dungeon)
  6832 | D:5      | Found a shimmering altar of Xom.
  6999 | D:6      | Found a staircase to the Ecumenical Temple.
  7027 | Temple   | Entered the Ecumenical Temple
  7130 | Temple   | Became a worshipper of Warmaster Okawaru
  7230 | D:6      | Paralysed by a giant eyeball for 2 turns
  7283 | D:6      | Reached skill level 5 in Armour
  7311 | D:6      | Reached skill level 9 in Bows
  7374 | D:6      | Somebody: Hi. Trying something different?
  7374 | D:6      | Reached XP level 9. HP: 60/60 MP: 9/9
  7375 | D:6      | PolkaDot: Yep
  7375 | D:6      | PolkaDot: No reason I can think of for this to not work for a 3-rune
  7681 | D:7      | Somebody: Good luck with that, I'll be back to my DENe.
  7681 | D:7      | PolkaDot: njoy
  7723 | D:7      | Somebody: I have been tinkering with crate's rc file some more — it has a lot of things that were interesting to me.
  7723 | D:7      | Somebody: See you.
  7728 | D:7      | Killed a ring mimic
  7738 | D:7      | Found a sand-covered staircase.
  7748 | Ossuary  | Entered an ossuary
  7772 | Ossuary  | Paralysed by a potion of paralysis for 6 turns
  7912 | Ossuary  | Noticed wojtek's ghost (experienced MiFi)
  7933 | Ossuary  | Killed wojtek's ghost
  7933 | Ossuary  | Acquired Okawaru's first power
  8126 | D:7      | Reached skill level 10 in Bows
  8931 | D:8      | Reached skill level 1 in Evocations
  9130 | D:8      | Found a sparkling altar of Nemelex Xobeh.
  9234 | D:8      | Noticed Grum
  9243 | D:8      | Reached XP level 10. HP: 67/67 MP: 12/12
  9257 | D:8      | Killed Grum
  9824 | D:9      | Noticed Maurice
 10238 | D:9      | Reached skill level 11 in Bows
 10349 | D:10     | Entered Level 10 of the Dungeon
 10502 | D:10     | Noticed a hill giant
 10520 | D:10     | Killed a hill giant
 11127 | D:10     | Reached skill level 5 in Dodging
 11219 | D:10     | Noticed a centaur warrior
 11236 | D:10     | Slain by a centaur warrior

Action                   |  1- 3 |  4- 6 |  7- 9 | 10-12 || total
-------------------------+-------+-------+-------+-------++-------
Melee: Short sword       |    89 |   330 |   410 |       ||   829
       Bow               |       |     1 |       |       ||     1
       Sabre             |       |       |   108 |       ||   108
 Fire: Bow               |    46 |    46 |   323 |   221 ||   636
 Cast: Apportation       |       |       |     5 |       ||     5
Invok: Heroism           |       |       |       |     1 ||     1
 Abil: Bottle Blood      |       |       |    39 |       ||    39
  Use: Potion            |       |     8 |    43 |     6 ||    57
       Scroll            |       |    12 |     9 |     3 ||    24
 Stab: Sleeping          |     3 |     2 |     2 |       ||     7
